AoeStats
← Nirmitha

MegaRandom

509595163Analyzed
3v3 RM · 4d ago on Sep 27, 2026· 29m 53s· 6 players
Game mode
Random Map
Map size
Normal (6 player)
Population
200
Speed
Normal
Resources
Standard
Victory
Conquest
Starting age
Dark Age
Ending age
Imperial Age
RankedLock teamsTeams togetherTeam positionsShared explorationLock speedFull tech treeHidden civsTurbo modeCheats
Victory
Defeat
🇱🇰 Danes · Sri Lanka
804
+8
🇦🇺 Saxons · Australia
775
+9
🇮🇪 Huns · Ireland
739
+10
🇺🇸 Aztecs · United States
645
-10
🇵🇱 Tatars · Poland
622
-9
591
-8
KaputLand6596
0:31 Loom
12:37 Feudal Age
14:09 Horse Collar
14:17 Double-Bit Axe
15:32 Wheelbarrow
18:45 Castle Age
17:46 Fletching
17:57 Scale Mail Armor
17:56 Stone Mining
19:54 Heavy Plow
22:32 Bow Saw
24:34 Gold Mining
25:48 Pikeman
26:22 Man-at-Arms
27:33 Squires
27:47 Forging
27:58 Bodkin Arrow
Victor Gideon
12:36 Feudal Age
13:30 Double-Bit Axe
18:54 Castle Age
16:54 Stone Mining
18:56 Horse Collar
20:52 Wheelbarrow
27:07 Bow Saw
28:53 Scale Barding Armor
『GTO』ヾ柠檬NINGMENG
12:26 Feudal Age
19:48 Castle Age
24:28 Double-Bit Axe
25:40 Man-at-Arms
Vacationing
5:08 Loom
12:43 Feudal Age
13:59 Town Watch
14:51 Wheelbarrow
14:42 Scale Barding Armor
14:30 Double-Bit Axe
14:30 Horse Collar
20:29 Castle Age
18:51 Bloodlines
21:11 Forging
21:16 Light Cavalry
23:10 Scale Barding Armor
23:49 Husbandry
27:08 Chain Barding Armor
27:24 Iron Casting
Sith Lord
2:29 Loom
12:33 Feudal Age
13:04 Double-Bit Axe
13:04 Horse Collar
16:22 Wheelbarrow
15:47 Gold Mining
18:37 Castle Age
16:49 Scale Mail Armor
16:41 Man-at-Arms
17:26 Arson
18:29 Forging
20:07 Long Swordsman
21:51 Gambesons
22:12 Town Watch
22:37 Squires
23:45 Chain Mail Armor
Nirmitha
0:27 Loom
12:23 Feudal Age
12:56 Double-Bit Axe
14:43 Horse Collar
19:04 Town Watch
22:00 Castle Age
21:30 Town Watch
21:56 Scale Mail Armor
21:47 Fletching
24:11 Wheelbarrow
24:20 Bodkin Arrow
25:28 Pikeman
26:52 Heavy Plow
28:21 Squires
27:43 Man-at-Arms
29:29 Arson
Connection lost

Rejoining the realm…

Still unreachable

The connection could not be restored.

Session expired

The server has moved on; the page needs a fresh start.